 Dungeon Crawl Stone Soup version 0.14-a0-3350-g14ab857 (webtiles) character file.

18688645 Vidiiot the Orcish Barricade (level 27, 247/247 (270) HPs)
             Began as a Lava Orc Arcane Marksman on Mar 18, 2014.
             Was a High Priest of the Shining One.
             Escaped with the Orb
             ... and 15 runes on Mar 19, 2014!
             The game lasted 08:47:47 (81351 turns).

Vidiiot the Orcish Barricade (LOAM)                Turns: 81351, Time: 08:47:47

HP 247/247 (270) AC 41     Str 18      XL: 27
MP  37/37        EV 10     Int 19 (20) God: the Shining One [*****.]
Gold 3195        SH 35     Dex 10      Spells: 11 memorised, 10 levels left

rFire  + + .     SeeInvis .     b - +7 eveningstar (holy)
rCold  + + .     Clarity  .     l - +9 ice dragon armour
rNeg   + + +     Conserve .     k - -1 shield
rPois  +         rCorr    .     C - +1 helmet {Int+3}
rElec  +         rRot     .     L - +2 cloak of a volcano {rElec rN+ Int-1}
SustAb . .       Spirit   .     q - -1 pair of gloves "Asodwaj" {rPois rF++ Stlth++}
rMut   .         Warding  .     y - +1 pair of boots {run}
Saprov + . .     Stasis   .     (no amulet)
MR     ++...                    (no ring)
                                m - ring of regeneration

@: repel missiles, studying Armour, very slightly contaminated, glowing, quick,
very resistant to hostile enchantments, extremely unstealthy
A: claws 1, clumsy 1, conserve scrolls, deterioration 2, dopey 1, low mp 1,
saprovore 1
a: Divine Shield, Cleansing Flame, Summon Divine Warrior, Renounce Religion
0: Orb of Zot
}: 15/15 runes: barnacled, slimy, silver, golden, iron, obsidian, icy, bone,
abyssal, demonic, glowing, magical, fiery, dark, gossamer


You escaped.
You worshipped the Shining One.
The Shining One was extremely pleased with you.
You were very full.

You visited 18 branches of the dungeon, and saw 99 of its levels.
You visited Pandemonium 2 times, and saw 46 of its levels.
You visited the Abyss 7 times.
You visited 1 bazaar.
You visited 2 Ziggurats, and saw 4 of their levels (deepest: 3).
You also visited: Labyrinth, Sewer, Bailey, Ice Cave and Wizlab.

You collected 10127 gold pieces.
You spent 6932 gold pieces at shops.

Inventory:

Hand weapons
 a - a +7,+5 eveningstar of freezing
 b - a +7,+7 eveningstar of holy wrath (weapon)
Armour
 d - the +4 cloak of Cowardice {rC++}
   (You found it in Pandemonium)

   It greatly protects you from cold.
 k - a -1 shield (worn)
 l - a +9 ice dragon armour (worn)
 q - the -1 pair of gloves "Asodwaj" (worn) {rPois rF++ Stlth++}
   (You found it on level 7 of Tartarus)

   It greatly protects you from fire.
   It protects you from poison.
   It makes you much more stealthy.
 y - a +1 pair of boots of running (worn)
 C - a +1 helmet of intelligence (worn)
 L - the +2 cloak of a volcano (worn) {rElec rN+ Int-1}
   (You bought it in a shop on level 2 of the Orcish Mines)

   It affects your intelligence (-1).
   It insulates you from electricity.
   It protects you from negative energy.
Magical devices
 r - a wand of enslavement (10)
 x - a wand of digging (6)
 E - a wand of disintegration (8)
 N - a wand of hasting (7)
 O - a wand of teleportation (0)
 T - a wand of heal wounds (3)
 V - a wand of cold (5)
 X - a wand of teleportation (5)
Comestibles
 n - a beef jerky
 P - 6 royal jellies
Scrolls
 f - a scroll of teleportation
 h - 3 scrolls of blinking
 p - 2 scrolls of vulnerability
 v - 5 scrolls of fear
 A - 4 scrolls of fog
 F - a scroll of silence
Jewellery
 m - a ring of regeneration (left hand)
 o - an uncursed ring of teleportation
 z - the cursed ring of Clutifei {Wiz rPois MR++}
   (You found it in Pandemonium)

   [ring of wizardry]

   It protects you from poison.
   It affects your resistance to hostile enchantments.
   It has a curse placed upon it.
 D - the ring "Robesenn" {+Rage rPois rF++ rC+ MR Dam-1}
   (You found it on level 3 of the Depths)

   [ring of protection from magic]

   It affects your damage with ranged weapons and melee attacks (-1).
   It greatly protects you from fire.
   It protects you from cold.
   It protects you from poison.
   It lets you go berserk.
 J - a +4,+4 ring of slaying
 M - the amulet of Lugonu's Envy {rMut -Cast +Rage rElec}
   (You took it off a deep elf high priest on level 3 of the Elven Halls)

   [amulet of resist mutation]

   It insulates you from electricity.
   It lets you go berserk.
   It prevents spellcasting.
 Q - the cursed ring "Viecut" {+Inv +Fly rPois Dam+3}
   (You took it off a deep elf demonologist on level 3 of the Elven Halls)

   [ring of poison resistance]

   It affects your damage with ranged weapons and melee attacks (+3).
   It lets you turn invisible.
   It lets you fly.
   It has a curse placed upon it.
 W - an uncursed amulet of the gourmand
 Z - a cursed amulet of resist corrosion
Potions
 G - 3 potions of curing
Books
 e - a manual of
Armour
 i - a book of the Earth

   Spells                             Type                      Level
   Leda's Liquefaction                Hexes/Earth                  4
   Bolt of Magma                      Conjuration/Fire/Earth       5
   Statue Form                        Transmutation/Earth          6
   Iron Shot                          Conjuration/Earth            6
   Shatter                            Earth                        9
 I - the Incunabulum of Good Luck and Changing
   (You found it on level 3 of the Tomb of the Ancients)

   Spells                             Type                      Level
   Infusion                           Charms                       1
   Swiftness                          Charms/Air                   2
   Petrify                            Transmutation/Earth          4
   Warp Weapon                        Charms/Translocation         5
   Blade Hands                        Transmutation                5
Miscellaneous
 c - a phial of floods
 s - a lamp of fire
 B - a lamp of fire
 R - a phial of floods


   Skills:
 + Level 26.4 Fighting
 - Level 22.6 Maces & Flails
   Level 4.0 Crossbows
 - Level 14.9 Armour
 - Level 9.6 Dodging
 O Level 27 Shields
 - Level 8.0 Spellcasting
 - Level 8.1 Conjurations
 - Level 13.1 Hexes
 - Level 14.0 Charms
 - Level 16.0 Translocations
 - Level 7.7 Air Magic
 - Level 20.6 Invocations
 - Level 13.1 Evocations


You had 10 spell levels left.
You knew the following spells:

 Your Spells              Type           Power        Failure   Level  Hunger
a - Corona                Hex            ######.      1%          1    None
b - Control Teleport      Chrm/Tloc      ######....   1%          4    ###....
c - Repel Missiles        Chrm/Air       #####.       1%          2    None
d - Shroud of Golubria    Chrm/Tloc      ######....   1%          2    None
e - Apportation           Tloc           ######....   1%          1    None
f - Haste                 Chrm           ######..     10%         6    ######.
g - Blink                 Tloc           N/A          1%          2    None
h - Dazzling Spray        Conj/Hex       #####...     1%          3    #......
i - Flight                Chrm/Air       #####.....   1%          3    #......
O - Regeneration          Chrm/Necr      ####......   2%          3    #......
P - Silence               Hex/Air        #####.....   10%         5    ####...


Dungeon Overview and Level Annotations

Branches:
Dungeon (15/15)            Temple (1/1) D:6             Orc (4/4) D:11
    Elf (3/3) Orc:3          Lair (8/8) D:11         Shoals (5/5) Lair:5
 Spider (5/5) Lair:6        Slime (6/6) Lair:6       Vaults (5/5) D:13
  Blade (0/1) Vaults:4      Crypt (5/5) Vaults:3       Tomb (3/3) Crypt:2
   Hell (1/1)                 Dis (7/7) Hell            Geh (7/7) Hell
    Coc (7/7) Hell            Tar (7/7) Hell            Zot (5/5) Depths:5
 Depths (5/5) D:15

Altars:
Ashenzari
Cheibriados
Dithmenos
Elyvilon
Fedhas
Kikubaaqudgha
Makhleb
Nemelex Xobeh
Okawaru
Sif Muna
Trog
Xom
Yredelemnul
Zin
The Shining One
Beogh

Shops:
D:4 *   D:6 *   Orc:2 [*}*[   Orc:3 *   Orc:4 [*(*   Elf:3 (   Depths:1 [

Portals:
Hell: Depths:2 Depths:3 Depths:4 Depths:5
Abyss: Depths:1 Depths:4
Pandemonium: Depths:2 Depths:3 Depths:4

Annotations:
D:11 Harold
Shoals:4 Polyphemus
Geh:7 Asmodeus
Coc:7 Antaeus


Innate Abilities, Weirdness & Mutations

You have stony skin.
Your flesh is heat resistant.
Your flesh is vulnerable to cold.
Your heat harms attackers.
You bathe your surroundings in blazing heat.
You are too hot to use scrolls.
You are very good at protecting items from fire.
You can tolerate rotten meat.
You have sharp fingernails.
You are clumsy. (Dex -2)
Your body is deteriorating.
You are dopey. (Int -2)
Your magical capacity is low (-10% MP).


Message History

You feel sick.
Found an apricot.
There is a stone staircase leading up here.
You climb upwards.
The hobgoblin shouts!
You sense a powerful magical force warping space.
You feel sick.
You are no longer poisoned.
Found 22 sling bullets and a bread ration.
There is a stone staircase leading down here.
You impale the hobgoblin!!
You kill the hobgoblin!
No target in view!
Unknown command.
You see here a club.
Found a dented pearl amulet.
You see here 22 sling bullets.
Found a potion of curing.
There is a staircase leading out of the dungeon here.
You have escaped!

##... ... ... ...# .. #.#
...####.".. #.# ..(........
#.# ##.###.##.. #.# #...##.#
#.#
#......#############.########
#............................
##.#............@............
##.##......#########.######..
##.##...!..# #...#####
#.##..##### #...#.(.. #.#....
#...#... .#..... #.###..
#..... # #.# #.# #..#
##.#.###.# #..
###........######..


There were no monsters in sight!

Vanquished Creatures
  the royal jelly (Slime:6)
  Ereshkigal (Tar:7)
  Mnoleg (Pan)
  2 orbs of fire
  3 pandemonium lords
  5 greater mummies
  4 ancient liches
  A curse toe (Crypt:5)
  A Killer Klown (Zot:5)
  Geryon (Hell)
  3 golden dragons
  14 Brimstone Fiends
  9 bone dragons
  3 electric golems
  8 Ice Fiends
  7 tentacled monstrosities
  5 liches
  12 Orb Guardians (Zot:5)
  5 Shadow Fiends
  3 titans
  8 acid blobs
  4 quicksilver dragons
  A sphinx (Tomb:1)
  11 Executioners
  2 tengu reavers (Vaults:5)
  7 tentacled starspawn
  2 ancient champions
  10 storm dragons
  2 revenants
  An azure jelly (Slime:6)
  8 shadow dragons
  Ilsuiw (Shoals:5)
  A ghoul (Crypt:5)
  4 frost giants
  14 balrugs
  8 fire giants
  5 orc warlords
  3 deep elf sorcerers
  Aizul (Depths:1)
  2 iron dragons
  A draconian zealot (Zot:4)
  11 cacodemons
  7 warmongers (Pan)
  A blood saint (Pan)
  3 emperor scorpions
  2 draconian annihilators
  23 reapers
  3 ghost moths
  A spriggan defender (Depths:2)
  11 vault wardens
  2 draconian shifters
  6 war gargoyles
  3 corrupters (Pan)
  2 draconian callers
  3 vampire knights
  5 green draconians
  9 stone giants
  2 deep elf demonologists (Elf:3)
  3 red draconians
  3 black suns (Pan)
  4 rakshasas
  A curse skull (Crypt:2)
  6 white draconians
  A chaos champion (Pan)
  8 lorocyprocas
  5 yellow draconians
  4 black draconians
  A mottled draconian (Depths:5)
  4 salamander firebrands
  4 purple draconians
  4 pale draconians
  2 deep elf annihilators
  4 eidola
  A merfolk javelineer (Shoals:5)
  14 vault guards
  13 blizzard demons (Pan)
  5 ironheart preservers
  6 crystal guardians (Elf:3)
  3 quicksilver dragon zombies
  7 great orbs of eyes
  4 ettins
  10 jiangshi
  8 fire dragons
  9 green deaths
  2 death oozes (Slime:6)
  A merfolk impaler (Shoals:5)
  6 mummy priests
  6 deep elf high priests
  2 deep elf death magi
  6 ice dragons
  2 sirens (Shoals:5)
  5 hydras
  10 yaktaur captains
  A minotaur (Lab)
  4 death cobs
  3 quicksilver dragon skeletons
  A naga warrior (Abyss:3)
  2 merfolk aquamancers (Shoals:5)
  2 spriggan air magi
  9 monstrous demonspawn (Pan)
  A ravenous feature mimic (Abyss:1)
  7 ogre magi
  2 satyrs
  A spectral sphinx (Crypt:3)
  2 vampire magi
  6 deep troll shamans
  2 tengu warriors
  8 death yaks
  An anaconda (shapeshifter) (Depths:2)
  2 deep troll earth magi
  A plague shambler (Crypt:3)
  A spriggan berserker (Depths:2)
  5 titan zombies
  4 hell hogs
  27 sun demons
  8 very ugly things
  5 centaur warriors
  4 storm dragon zombies
  6 shadow wraiths
  5 iron trolls
  A salamander mystic (Geh:7)
  18 soul eaters
  14 ice devils
  5 wretched stars
  A spatial maelstrom (Abyss:3)
  4 titan skeletons
  2 unseen horrors (shapeshifter)
  12 thrashing horrors (Abyss:3)
  49 skeletal warriors
  A death drake (Abyss:3)
  6 deep elf knights
  13 deep trolls
  A hell beast (Pan)
  14 hell knights
  3 sea snakes
  3 storm dragon skeletons
  A golden dragon zombie (Coc:2)
  Erolcha (Orc:3)
  5 anaconda zombies
  13 infernal demonspawn (Pan)
  5 dancing weapons
  8 flayed ghosts
  10 flaming corpses
  3 orc high priests (Orc:4)
  A kraken simulacrum (Coc:5)
  4 unseen horrors (Abyss:3)
  A shadow dragon zombie (Tar:7)
  A giant orange brain (Vaults:3)
  A water nymph (Shoals:5)
  Pikel (D:7)
  10 starcursed masses (Abyss:3)
  8 deep elf summoners
  16 torturous demonspawn (Pan)
  A golden dragon skeleton (Tar:4)
  15 necromancers
  16 putrid demonspawn (Pan)
  9 shadow demons
  26 hellions
  5 orc sorcerers
  9 ironbrand convokers
  21 harpies
  5 anaconda skeletons
  9 gelid demonspawn (Pan)
  A wolf spider (Spider:1)
  35 large abominations
  2 orc knights
  A shining eye (Abyss:3)
  4 hill giants
  3 iron dragon zombies
  4 shadow dragon skeletons
  A faun (Shoals:2)
  11 deep elf conjurers
  11 phantasmal warriors
  A sphinx skeleton (Vaults:5)
  9 griffons
  A wolf spider zombie (Crypt:2)
  2 frost giant zombies
  2 fire giant zombies
  5 moths of wrath
  A worldbinder (Abyss:3)
  A wizard (Pan)
  A cyclops (Shoals:4)
  3 stone giant zombies
  5 salamanders (Geh:7)
  5 iron dragon skeletons
  A molten gargoyle (Hell)
  29 sixfirhies
  2 apocalypse crabs
  2 red wasps
  3 dire elephant zombies
  2 octopodes
  2 stone golems (Abyss:3)
  6 mermaids
  2 shock serpent zombies
  An eye of devastation (Slime:6)
  6 stone giant skeletons
  12 elephants
  40 smoke demons
  4 frost giant skeletons
  A black mamba (shapeshifter) (Vaults:3)
  4 fire giant skeletons
  A guardian serpent (Abyss:3)
  3 vault sentinels
  3 manticores
  A black mamba (Lair:8)
  A naga mage (Abyss:3)
  21 orange demons
  19 slime creatures
  A storm dragon simulacrum (Crypt:2)
  2 dire elephant skeletons
  2 shock serpent skeletons
  3 spiny frogs
  18 tormentors
  3 efreet
  A gargoyle (D:13)
  10 hellwings
  A green draconian skeleton (Crypt:2)
  A fire drake (Lair:4)
  A kobold demonologist (D:13)
  33 guardian mummies
  16 freezing wraiths
  14 iron devils
  3 merfolk
  17 blue devils
  10 ancient zymes
  8 deep elf priests
  13 demonic crawlers
  A catoblepas zombie (Geh:7)
  22 red devils
  4 hydra zombies
  An iron troll skeleton (D:15)
  34 yaktaurs
  A komodo dragon (shapeshifter) (Elf:1)
  2 wind drakes
  A tengu conjurer (Depths:5)
  4 giant fireflies (Lair:8)
  A death drake skeleton (Crypt:2)
  The ghost of Vidiiot the Cudgeler, an average LOAM of Beogh (D:4)
  9 jumping spiders
  16 brown oozes
  7 ravens
  2 ice dragon zombies
  A silent spectre (Tar:5)
  A fire dragon zombie (Crypt:2)
  7 alligator zombies
  15 two-headed ogres
  4 bog bodies (Coc:7)
  A blink frog (Abyss:3)
  A boulder beetle (Spider:3)
  3 catoblepas skeletons
  22 raiju
  A raven (shapeshifter) (Vaults:1)
  5 hydra skeletons
  A fire giant simulacrum (Abyss:3)
  2 ice dragon skeletons
  A jumping spider zombie (Crypt:2)
  A grizzly bear (Lair:8)
  5 ettin zombies
  4 air elementals
  2 basilisks
  A fire dragon skeleton (Crypt:1)
  2 snapping turtles
  52 flying skulls
  13 deep elf magi
  A wandering mushroom (Lab)
  2 ettin skeletons
  4 tarantellas
  2 trapdoor spiders (shapeshifter)
  A very ugly thing skeleton (Crypt:2)
  7 redbacks
  A hill giant zombie (D:13)
  A hog (shapeshifter) (Vaults:4)
  6 trapdoor spiders
  9 water elementals
  18 wraiths
  13 yaks
  7 fire elementals
  5 golden eyes (D:15)
  25 ynoxinuls
  25 shadows
  6 vampires
  2 dire elephant simulacra
  3 elephant slugs
  3 sharks
  2 komodo dragons
  A hippogriff (shapeshifter) (Vaults:5)
  7 hungry ghosts
  A spriggan (Lair:8)
  26 ugly things
  A black mamba skeleton (Crypt:1)
  A wind drake skeleton (Crypt:5)
  9 neqoxecs
  A warg (shapeshifter) (Abyss:3)
  4 vampire mosquitoes
  10 hippogriffs
  The ghost of ciphuk the Cutter, an average SpEn (D:3)
  8 chaos spawn
  A steam dragon (D:7)
  2 electric eels (D:12)
  14 deep elf fighters
  11 wargs
  A harpy simulacrum (Abyss:3)
  Menkaure (D:5)
  An infernal demonspawn zombie (Pan)
  A torturous demonspawn zombie (Crypt:2)
  6 necrophages
  An orange crystal statue (Tomb:1)
  6 spiny frog zombies
  An ettin simulacrum (Vaults:5)
  31 hell hounds
  7 wolves (Lair:8)
  3 water moccasins
  A slave (D:7)
  A dwarf (Orc:2)
  A snapping turtle zombie (Geh:2)
  4 porcupines
  20 small abominations
  2 spiny frog skeletons
  An ice beast (shapeshifter) (Vaults:1)
  25 orc warriors
  A manticore zombie (Dis:1)
  A sky beast (D:8)
  A soldier ant (D:12)
  11 centaurs
  A phantom (D:5)
  A fire dragon simulacrum (Crypt:2)
  33 ogres
  3 giant goldfish
  4 spiders
  2 manticore skeletons
  A snapping turtle skeleton (Geh:7)
  Sigmund (D:7)
  3 crocodiles
  2 yaktaur zombies
  3 brain worms
  2 ice beasts
  8 big kobolds
  A chimera zombie (Crypt:2)
  4 giant slugs
  2 earth elementals (Abyss:3)
  A giant slug zombie (Crypt:1)
  A fire drake skeleton (Crypt:5)
  A wyvern zombie (D:10)
  A cyclops zombie (Crypt:2)
  2 hell hound zombies
  37 wights
  7 scorpions
  A hippogriff zombie (D:6)
  6 eyes of draining
  A troll skeleton (D:11)
  10 crimson imps
  8 hounds
  8 orc priests
  A big fish (Spider:5)
  5 giant frogs
  4 goliath beetles
  7 jellies
  11 iron imps
  3 centaur skeletons
  3 human zombies
  7 orange rats
  4 quasits
  7 iguanas
  12 orc wizards
  A black bear skeleton (Crypt:3)
  2 worker ants
  23 sheep
  An ogre skeleton (Crypt:3)
  A deep dwarf skeleton (Crypt:3)
  A naga skeleton (Geh:7)
  17 mummies
  15 adders
  3 gnolls (D:4)
  9 shadow imps
  2 orc skeletons
  9 white imps
  A giant mite (D:6)
  23 green rats
  7 worms
  45 ufetubi
  A sheep zombie (Crypt:1)
  4 giant eyeballs
  6 giant geckos
  6 oozes
  77 orcs
  4 ball pythons
  7 giant cockroaches
  A gnoll skeleton (Crypt:3)
  14 goblins
  11 hobgoblins
  A jackal (Lair:4)
  3 quokkas
  19 bats
  A giant mite zombie (Crypt:1)
  A giant newt (Lair:3)
  A giant spore (D:13)
  A jackal zombie (Crypt:5)
  14 kobolds
  A kobold zombie (Crypt:1)
  3 lurking horrors (Abyss:3)
  2 orc zombies
  19 rats
  A rat zombie (D:6)
  A ballistomycete (D:13)
  A bush (Abyss:1)
  4 crawling corpses
  2 fungi
  8 starspawn tentacles
  A tentacle (Shoals:5)
2571 creatures vanquished.

Vanquished Creatures (collateral kills)
  Gloorx Vloq (Pan)
  Dispater (Dis:7)
  An orb of fire (Zot:5)
  the Serpent of Hell (Tar:7)
  An ancient lich (Crypt:5)
  3 greater mummies
  Norris (Vaults:1)
  2 Killer Klowns
  Mennas (Vaults:3)
  6 golden dragons
  A profane servitor (Depths:5)
  An electric golem (Zot:5)
  3 bone dragons
  8 Brimstone Fiends
  9 tentacled monstrosities
  9 Hell Sentinels
  7 Ice Fiends
  5 pandemonium lords
  4 Orb Guardians (Zot:5)
  A deep elf blademaster (Elf:3)
  3 liches
  2 deep elf master archers (Elf:3)
  A quicksilver dragon (Dis:7)
  An eldritch tentacle (Pan)
  6 storm dragons
  6 Shadow Fiends
  3 acid blobs
  A kraken (Shoals:5)
  11 Executioners (Pan)
  8 sphinxes
  3 shadow dragons
  Rupert (Lair:5)
  Frances (Shoals:3)
  5 ancient champions
  6 tengu reavers
  2 draconian monks
  An azure jelly (Pan)
  3 ghouls (Crypt:5)
  8 frost giants
  7 fire giants
  2 ghost moths (Spider:5)
  3 orc warlords (Pan)
  3 iron dragons (Dis:7)
  2 vault wardens
  13 deep elf sorcerers (Elf:3)
  A draconian zealot (Zot:4)
  6 emperor scorpions
  4 warmongers (Pan)
  11 cacodemons
  16 balrugs
  6 blood saints (Pan)
  2 spriggan defenders
  A draconian annihilator (Zot:4)
  22 reapers
  4 war gargoyles (Dis:7)
  A draconian shifter (Zot:1)
  8 stone giants
  3 grey draconians
  6 deep elf demonologists
  4 salamander firebrands
  3 purple draconians
  A pale draconian (Zot:4)
  3 lorocyprocas (Pan)
  A yellow draconian (Zot:3)
  A mottled draconian (Zot:5)
  3 red draconians
  3 dire elephants
  4 black draconians
  A vampire knight (Crypt:5)
  10 corrupters (Pan)
  5 deep elf annihilators (Elf:3)
  A white draconian (Zot:3)
  6 chaos champions (Pan)
  5 ettins
  5 black suns (Pan)
  The ghost of hunterx7d the Bludgeoner, a powerful GrGl of the Shining One (Lair:4)
  6 merfolk javelineers (Shoals:5)
  7 blizzard demons (Pan)
  4 fire dragons
  An eidolon (Crypt:5)
  3 deep elf high priests (Elf:3)
  19 vault guards
  3 crystal guardians (Elf:3)
  11 mummy priests
  9 green deaths (Pan)
  3 merfolk impalers (Shoals:5)
  6 jiangshi
  A siren (Shoals:3)
  4 ironheart preservers
  A merfolk aquamancer (Shoals:1)
  4 deep elf death magi
  5 rakshasas
  A death cob (Zot:1)
  A minotaur (Depths:4)
  A great orb of eyes (Vaults:2)
  11 large abominations
  7 yaktaur captains
  Snorg (Lair:7)
  A quicksilver dragon skeleton (Geh:7)
  22 monstrous demonspawn (Pan)
  A ravenous feature mimic (Lair:8)
  Josephine (D:10)
  10 ice dragons
  7 dancing weapons
  10 deep troll earth magi
  3 hydras
  2 alligator snapping turtles (Shoals:5)
  4 spriggan air magi
  A satyr (Shoals:5)
  2 tengu warriors (Depths:2)
  8 deep troll shamans
  5 titan zombies
  3 deep dwarf death knights
  18 hell knights
  3 plague shamblers
  5 ogre magi
  5 spriggan berserkers
  8 very ugly things
  3 vampire magi
  11 death yaks
  3 spectral elves
  3 centaur warriors
  16 soul eaters
  5 shadow wraiths
  A storm dragon zombie (Dis:1)
  18 sun demons
  7 deep elf knights
  35 skeletal warriors
  A salamander mystic (Geh:4)
  4 sea snakes (Shoals:5)
  2 fire crabs
  10 spriggans
  18 ice devils
  6 iron trolls
  3 anaconda zombies
  3 golden dragon zombies
  9 orb spiders
  20 deep trolls
  13 infernal demonspawn (Pan)
  7 flayed ghosts
  3 deep elf summoners
  20 gelid demonspawn (Pan)
  A storm dragon skeleton (Pan)
  3 orc high priests
  A giant orange brain (Depths:5)
  An ironbrand convoker (Vaults:5)
  2 golden dragon skeletons
  5 deep elf conjurers
  2 wizards
  4 shadow demons
  3 orc knights
  A tengu zombie (Depths:3)
  14 putrid demonspawn (Pan)
  2 water nymphs
  3 shadow dragon zombies
  2 anaconda skeletons (Coc:4)
  3 necromancers
  27 torturous demonspawn (Pan)
  A frost giant zombie (Tomb:3)
  8 hellions
  4 phantasmal warriors
  2 iron dragon zombies
  A flaming corpse (Geh:2)
  16 harpies
  A wolf spider zombie (Dis:1)
  A fire giant zombie (Vaults:3)
  5 red wasps
  A stone giant zombie (Tar:3)
  5 manticores
  3 orc sorcerers
  6 griffons
  A cyclops (shapeshifter) (Vaults:5)
  3 cyclopes
  A shining eye (shapeshifter) (Depths:5)
  A shadow dragon skeleton (Coc:7)
  21 wolf spiders
  3 octopodes (Shoals:5)
  2 hill giants
  2 stone giant skeletons
  An iron dragon skeleton (Tar:4)
  5 salamanders
  3 mermaids
  A guardian serpent (Pan)
  3 dire elephant zombies
  33 sixfirhies
  10 elephants
  A frost giant skeleton (Coc:5)
  A gargoyle (D:10)
  A demonspawn zombie (Pan)
  4 slime creatures
  5 vault sentinels
  16 smoke demons
  6 spiny frogs
  3 deep elf priests
  A dire elephant skeleton (Geh:7)
  A black mamba (shapeshifter) (D:15)
  An item mimic (D:13)
  A spriggan skeleton (Depths:2)
  An efreet (Pan)
  A small abomination (Elf:3)
  14 demonic crawlers
  34 orange demons
  13 tormentors
  An elf (shapeshifter) (Depths:2)
  18 yaktaurs
  A feature mimic (Spider:4)
  A komodo dragon (Lair:6)
  39 red devils
  A yaktaur skeleton (Vaults:3)
  3 hydra zombies (Coc:7)
  11 iron devils
  A polar bear (shapeshifter) (Elf:2)
  19 jumping spiders
  43 guardian mummies
  A tengu conjurer (Depths:5)
  2 iron troll skeletons
  20 hellwings
  A spriggan druid (Lair:8)
  2 fire drakes
  5 freezing wraiths
  5 moths of wrath
  6 hell beasts
  2 silent spectres
  6 giant fireflies
  7 blue devils
  5 snapping turtles (Shoals:5)
  A wind drake (Shoals:4)
  2 hydra skeletons
  2 catoblepas zombies
  8 merfolk
  5 ravens
  A harpy skeleton (Crypt:4)
  A giant firefly (shapeshifter) (D:14)
  8 trolls
  7 two-headed ogres
  A bog body (Coc:7)
  A human simulacrum (Vaults:3)
  8 deep elf magi
  11 blink frogs
  2 alligator zombies
  6 boulder beetles
  An elf zombie (Depths:2)
  2 fire dragon zombies
  A griffon zombie (D:15)
  4 ice dragon zombies
  An ettin zombie (Dis:7)
  4 ettin skeletons
  10 trapdoor spiders
  21 redbacks
  14 ynoxinuls (Pan)
  6 grizzly bears (Lair:8)
  A brown ooze (shapeshifter) (Vaults:1)
  A guardian serpent zombie (Crypt:5)
  3 ice dragon skeletons
  24 flying skulls
  6 sharks
  22 ugly things
  2 fire dragon skeletons
  9 shadows
  2 alligator skeletons
  15 yaks
  10 wraiths
  2 vampires
  A hill giant zombie (D:10)
  A black mamba zombie (Crypt:3)
  32 neqoxecs
  2 air elementals
  9 water elementals
  5 vampire mosquitoes
  A chaos spawn (D:13)
  An elephant slug (Lair:5)
  A wyvern (D:14)
  3 hungry ghosts
  7 fire elementals
  A steam dragon (Lair:4)
  An elf simulacrum (Depths:2)
  10 tarantellas
  7 deep elf fighters
  4 hippogriffs
  3 necrophages
  A spatial vortex (Tar:5)
  12 wolves (Lair:8)
  8 wargs
  A putrid demonspawn zombie (Crypt:1)
  A torturous demonspawn zombie (Pan)
  4 spiny frog zombies
  4 deep troll zombies (Depths:5)
  19 hell hounds
  A spectral shark (Tar:7)
  14 orc warriors
  A yellow wasp (Spider:5)
  An infernal demonspawn skeleton (Crypt:3)
  2 porcupines
  A black bear (Lair:8)
  A spiny frog skeleton (Hell)
  4 water moccasins
  10 spiders
  4 giant goldfish
  A sky beast (D:10)
  An ice beast (Coc:4)
  A snapping turtle zombie (Coc:5)
  18 ogres
  2 phantoms (Crypt:3)
  An elephant zombie (Crypt:3)
  A swamp dragon zombie (Geh:7)
  20 centaurs
  A mermaid skeleton (Crypt:5)
  A lost soul (Crypt:3)
  A swamp dragon skeleton (Dis:2)
  A boring beetle (Spider:3)
  2 snapping turtle skeletons
  A human skeleton (Vaults:3)
  2 brain worms (Pan)
  2 crocodiles
  6 giant slugs
  A dwarf (Orc:2)
  A spiny frog simulacrum (Coc:5)
  A hell hound zombie (Geh:7)
  A cyclops skeleton (D:15)
  A komodo dragon skeleton (D:13)
  4 scorpions
  A spriggan zombie (Dis:3)
  An eye of draining (D:14)
  6 giant frogs
  A yak zombie (Crypt:5)
  2 electric eels (Spider:5)
  19 wights
  A yak skeleton (D:10)
  A spectral giant frog (Crypt:3)
  12 crimson imps
  2 goliath beetles (Spider:5)
  2 jellies
  3 big fish
  10 human zombies
  7 iron imps
  3 quasits
  2 centaur skeletons (D:10)
  6 orange rats (Elf:3)
  8 orc wizards
  2 worker ants
  2 iguanas
  7 orc priests
  A spectral big fish (Tar:7)
  A crocodile zombie (Crypt:5)
  A brain worm zombie (Crypt:5)
  An ogre zombie (D:11)
  2 hounds
  10 mummies
  7 adders
  A swamp drake skeleton (Crypt:1)
  2 orc skeletons
  3 white imps
  4 shadow imps
  8 sheep
  A giant mite (Lair:5)
  2 worms
  33 ufetubi (Pan)
  An adder zombie (D:8)
  3 giant eyeballs
  2 giant geckos
  47 orcs
  14 bats
  14 green rats
  2 hobgoblins
  7 jackals
  2 kobolds (D:10)
  A quokka (Lair:5)
  A goblin (Orc:1)
  A kobold skeleton (D:7)
  2 orc zombies (D:13)
  3 rats
  4 butterflies (Depths:2)
  5 crawling corpses
  7 fungi
  7 plants
  A tentacle (Shoals:5)
2060 creatures vanquished.

Vanquished Creatures (others)
  4 orc warlords
  22 daevas
  2 fire giants (Geh:7)
  24 angels
  2 phoenixes (Depths:1)
  A grey draconian (Zot:3)
  A rakshasa (Abyss:3)
  An ironheart preserver (Vaults:5)
  A hydra (Depths:1)
  An orc high priest (Orc:4)
  22 orc knights
  A wretched star (Abyss:3)
  A ball lightning (Zot:4)
  A flayed ghost (Geh:7)
  A wizard (Pan)
  An unseen horror (Abyss:3)
  An anaconda skeleton (Crypt:1)
  A dancing weapon (Depths:1)
  A salamander (Geh:7)
  A stone giant zombie (Geh:6)
  A stone giant skeleton (Tomb:2)
  A frost giant skeleton (Tomb:2)
  7 water elementals
  A smoke demon (Pan)
  13 orc warriors
  A guardian mummy (Tomb:2)
  A deep elf priest (Elf:1)
  5 fire elementals
  A blue devil (Hell)
  A jumping spider (Spider:2)
  A raven (Depths:2)
  A basilisk (Depths:1)
  3 wraiths
  A flying skull (Abyss:3)
  A human skeleton (Vaults:5)
  A hippogriff (Depths:1)
  A spatial vortex (Abyss:3)
  A human zombie (Geh:7)
  A small abomination (Abyss:3)
  A slave (D:7)
  A snapping turtle zombie (Geh:7)
  6 lost souls
  A wight (Dis:1)
  37 orc priests
  17 orc wizards
  5 mummies (Tomb:2)
  A green rat (Lair:6)
  An ufetubus (Pan)
  128 orcs
  A hobgoblin (D:7)
  4 lurking horrors
  A block of ice (Pan)
  A bush (Abyss:1)
  An eldritch tentacle segment (WizLab)
  A fungus (Lair:6)
  2 plants
  18 starspawn tentacles
  43 starspawn tentacle segments
  24 tentacles
  347 tentacle segments (Tar:7)
774 creatures vanquished.

Grand Total: 5405 creatures vanquished

Notes
Turn   | Place    | Note
--------------------------------------------------------------
     0 | D:1      | Vidiiot, the Lava Orc Arcane Marksman, began the quest for the Orb.
     0 | D:1      | Reached XP level 1. HP: 16/16 MP: 2/2
    75 | D:2      | Found a white marble altar of Elyvilon.
    93 | D:3      | Noticed an orc wizard
    93 | D:3      | Noticed an orc wizard
   110 | D:3      | Reached XP level 2. HP: 17/23 MP: 3/3
   116 | D:3      | Killed an orc wizard
   116 | D:3      | Reached XP level 3. HP: 10/28 MP: 4/4
   121 | D:3      | Killed an orc wizard
   121 | D:3      | Reached XP level 4. HP: 13/35 MP: 5/5
   302 | D:4      | Reached skill level 4 in Crossbows
   338 | D:4      | Noticed an ogre
   348 | D:4      | Killed an ogre
   348 | D:4      | Reached XP level 5. HP: 29/40 MP: 4/7
   404 | D:4      | Noticed Vidiiot's ghost (average LOAM)
   419 | D:4      | Killed Vidiiot's ghost
   419 | D:4      | Reached skill level 5 in Maces & Flails
   419 | D:4      | Reached XP level 6. HP: 32/47 MP: 8/8
   519 | D:5      | Entered Level 5 of the Dungeon
   628 | D:5      | Reached skill level 6 in Maces & Flails
   638 | D:5      | Reached XP level 7. HP: 30/52 MP: 7/9
   672 | D:5      | Noticed Menkaure
   680 | D:5      | Killed Menkaure
   680 | D:5      | Reached skill level 7 in Maces & Flails
   826 | D:6      | Found a shattered altar of Ashenzari.
  1108 | D:6      | Found Yfruc's Assorted Antiques.
  1144 | D:6      | Found a staircase to the Ecumenical Temple.
  1221 | D:6      | Became a worshipper of Beogh the Brigand
  1402 | D:6      | Found a glowing drain.
  1443 | Sewer    | Entered a sewer
  1467 | Sewer    | Reached skill level 8 in Maces & Flails
  1687 | Sewer    | Reached XP level 8. HP: 52/59 MP: 10/10
  1708 | Sewer    | Reached skill level 9 in Maces & Flails
  2000 | Sewer    | Acquired Beogh's first power
  2216 | D:5      | Reached skill level 10 in Maces & Flails
  2516 | D:4      | Found a glowing golden altar of the Shining One.
  2589 | D:3      | Noticed an orc wizard
  2596 | D:3      | Killed an orc wizard
  2662 | D:3      | Found an iron altar of Okawaru.
  2768 | D:3      | Acquired Beogh's second power
  2988 | D:3      | Noticed ciphuk's ghost (average SpEn)
  3015 | D:3      | Killed ciphuk's ghost
  3015 | D:3      | Reached skill level 11 in Maces & Flails
  3444 | D:6      | Bought a runed scythe for 81 gold pieces
  3451 | D:6      | Reached XP level 9. HP: 64/64 MP: 11/11
  3758 | D:7      | Paralysed by a giant eyeball for 4 turns
  3771 | D:7      | Paralysed by a giant eyeball for 2 turns
  3821 | D:7      | Reached skill level 12 in Maces & Flails
  4007 | D:7      | Reached skill level 1 in Armour
  4009 | D:7      | Acquired Beogh's third power
  4091 | D:7      | Noticed Pikel
  4091 | D:7      | Noticed Sigmund
  4142 | D:7      | Killed Pikel
  4142 | D:7      | Reached skill level 5 in Armour
  4440 | D:7      | Killed Sigmund
  4689 | D:7      | Identified a scroll of acquirement
  4774 | D:8      | Found a shattered altar of Ashenzari.
  5211 | D:10     | Entered Level 10 of the Dungeon
  5246 | D:10     | Found a burning altar of Makhleb.
  5310 | D:10     | Noticed a gargoyle
  5325 | D:10     | Killed a gargoyle
  5474 | D:10     | Gained Orbeogh as an ally
  5858 | D:10     | Reached XP level 10. HP: 67/71 MP: 13/13
  5867 | D:10     | Noticed Josephine
  5876 | D:10     | Killed Josephine
  6377 | D:11     | Noticed a cyclops
  6379 | D:11     | Acquired Beogh's fourth power
  6388 | D:11     | Killed a cyclops
  6464 | D:11     | Gained Berold as an ally
  6468 | D:11     | Gained Bogwald as an ally
  6488 | D:11     | Found a staircase to the Orcish Mines.
  6537 | D:11     | Noticed Harold
  6545 | D:11     | Got a fine large shield
  6572 | D:11     | Found a staircase to the Lair.
  6576 | D:11     | Reached skill level 10 in Armour
  6589 | Lair:1   | Entered Level 1 of the Lair of Beasts
  6664 | Lair:1   | Reached skill level 5 in Fighting
  6810 | Lair:2   | Found a deep blue altar of Sif Muna.
  7158 | Lair:4   | Acquired Beogh's fifth power
  7203 | Lair:4   | Noticed hunterx7d's ghost (powerful GrGl)
  7215 | Lair:4   | Killed hunterx7d's ghost
  7215 | Lair:4   | Reached XP level 11. HP: 45/89 MP: 12/14
  7482 | Lair:5   | Found a labyrinth entrance.
  7488 | Lab      | Entered a labyrinth
  8030 | Lab      | Noticed a minotaur
  8035 | Lab      | Killed a minotaur
  8035 | Lab      | Reached skill level 13 in Maces & Flails
  8076 | Lair:5   | Identified a +2 rod of clouds (9/9) (You found it in a labyrinth)
  8096 | Lair:5   | Reached skill level 1 in Invocations
  8098 | Lair:5   | Reached skill level 1 in Evocations
  8565 | Lair:6   | Found a hole to the Spider Nest.
  8585 | Spider:1 | Entered Level 1 of the Spider Nest
  8607 | Spider:1 | Reached skill level 5 in Invocations
  8864 | Spider:1 | Reached skill level 5 in Evocations
  9009 | Spider:2 | Noticed an orb spider
  9016 | Spider:2 | Your ally Berold died
  9020 | Spider:2 | Noticed an orb spider
  9020 | Spider:2 | Killed an orb spider
  9027 | Spider:2 | Killed an orb spider
  9210 | Lair:7   | Identified the +1 large shield "Ibunetz" {Str+2 Dex+5} (You found it on level 11 of the Dungeon)
  9413 | Lair:7   | Noticed Snorg
  9419 | Lair:7   | Killed Snorg
  9427 | Lair:8   | Entered Level 8 of the Lair of Beasts
  9453 | Lair:8   | Reached XP level 12. HP: 41/97 MP: 22/24
  9454 | Lair:8   | Gained Olfik as an ally
  9456 | Lair:8   | Gained Ugrim as an ally
  9490 | Lair:8   | Noticed a five-headed hydra
  9496 | Lair:8   | Killed a seven-headed hydra
  9606 | Lair:8   | Noticed an eight-headed hydra
  9613 | Lair:8   | Your ally Olfik died
  9614 | Lair:8   | Killed a nine-headed hydra
  9914 | Lair:8   | Noticed a spriggan rider
  9932 | Lair:8   | Killed a spriggan rider
  9932 | Lair:8   | Killed a giant firefly
 10173 | Lair:8   | Noticed a spriggan rider
 10183 | Lair:8   | Killed a giant firefly
 10186 | Lair:8   | Killed a spriggan
 10250 | Lair:8   | Killed a ravenous statue mimic
 10339 | Lair:8   | Your ally Bogwald died
 10340 | Lair:8   | Reached skill level 14 in Maces & Flails
 10695 | Lair:8   | Reached skill level 10 in Evocations
 10766 | Lair:7   | Identified the Almanac of Aerial Attacks
 10818 | Lair:7   | Noticed a seven-headed hydra
 10826 | Lair:7   | Killed an eight-headed hydra
 11242 | Lair:4   | Noticed a four-headed hydra
 11457 | Orc:1    | Entered Level 1 of the Orcish Mines
 11470 | Orc:3    | Found a staircase to the Elven Halls.
 11473 | Orc:4    | Entered Level 4 of the Orcish Mines
 11512 | Orc:4    | Found a frozen archway.
 11516 | IceCv    | Entered an ice cave
 11579 | Orc:4    | Reached XP level 13. HP: 70/104 MP: 27/27
 11579 | Orc:4    | Gained Boghold as an ally
 11735 | Orc:4    | Found Stralumi's Assorted Antiques.
 11744 | Orc:4    | Gained Koronagh as an ally
 11941 | Orc:4    | Found Usuitwa's Antique Armour Shoppe.
 11964 | Orc:4    | Bought a pair of boots for 108 gold pieces
 11973 | Orc:4    | Your ally Koronagh died
 11975 | Orc:4    | Your ally Boghold died
 12138 | Orc:4    | Found a roughly hewn altar of Beogh.
 12149 | Orc:4    | Gained Bolgrim as an ally
 12180 | Orc:4    | Your ally Bolgrim died
 12338 | Orc:4    | Found Geskoh's Antique Weapon Shoppe.
 12338 | Orc:4    | Found Suanu's General Store.
 12456 | Orc:4    | Gained Bolgrim as an ally
 12542 | Orc:3    | Found Raihoeg's Assorted Antiques.
 12552 | Orc:3    | Bought a pair of runed gloves for 99 gold pieces
 12552 | Orc:3    | Bought a tubular garnet ring for 110 gold pieces
 12578 | Orc:2    | Found Shrarphiosm's Antique Armour Shoppe.
 12581 | Orc:2    | Bought a shiny helmet for 130 gold pieces
 12594 | Orc:2    | Found an iron altar of Okawaru.
 12634 | Orc:2    | Found Hadweapt's General Store.
 12640 | Orc:2    | Bought a scroll of enchant armour for 82 gold pieces
 12657 | Orc:2    | Found Strebrueca's Assorted Antiques.
 12667 | Orc:2    | Bought a shimmering cloak for 294 gold pieces
 12667 | Orc:2    | Bought a scroll of identify for 62 gold pieces
 12668 | Orc:2    | Identified the +2 cloak of a volcano {rElec rN+ Int-1} (You bought it in a shop on level 2 of the Orcish Mines)
 12857 | D:13     | Reached skill level 15 in Maces & Flails
 12857 | D:13     | Gained Ognian as an ally
 13005 | D:13     | Found a basalt altar of Yredelemnul.
 13177 | D:13     | Gained Ortolf as an ally
 13324 | D:14     | Found a flagged portal.
 13340 | Bailey   | Entered a bailey
 13530 | Bailey   | Found a roughly hewn altar of Beogh.
 13934 | D:14     | Gained Gorg as an ally
 13963 | D:15     | Entered Level 15 of the Dungeon
 14057 | D:15     | Reached skill level 16 in Maces & Flails
 14131 | D:15     | Gained Warrok as an ally
 14337 | D:15     | Gained Borgun as an ally
 14352 | D:15     | Your ally Ognian died
 14429 | D:14     | Gained Bogric as an ally
 14551 | D:13     | Paralysed by a giant eyeball for 3 turns
 14569 | D:13     | Found a gate to the Vaults.
 15044 | Spider:3 | Your ally Borgun died
 15202 | Spider:3 | Reached skill level 17 in Maces & Flails
 15221 | Spider:3 | Gained Warbeogh as an ally
 15255 | Spider:3 | Gained Bladwarg as an ally
 15447 | Spider:3 | Reached XP level 14. HP: 80/111 MP: 27/29
 15498 | Spider:3 | Gained Bogbarth as an ally
 15563 | Spider:5 | Entered Level 5 of the Spider Nest
 15607 | Spider:4 | Gained Wargath as an ally
 15666 | Spider:5 | Your ally Warrok died
 15684 | Spider:4 | Gained Borgoth as an ally
 15932 | Spider:5 | Your ally Bolgrim died
 16008 | Spider:5 | Reached skill level 18 in Maces & Flails
 16018 | Spider:5 | Your ally Wargath died
 16024 | Spider:5 | Your ally Bladwarg died
 16026 | Spider:5 | Gained Bogwik as an ally
 16088 | Spider:5 | Your ally Orbeogh died
 16089 | Spider:5 | Killed a ghost moth
 16089 | Spider:5 | Gained Bolgrim as an ally
 16199 | Spider:5 | Reached skill level 10 in Fighting
 16237 | Spider:5 | Killed a ghost moth
 16473 | Spider:5 | Noticed an emperor scorpion
 16474 | Spider:5 | Paralysed by a red wasp for 1 turns
 16475 | Spider:5 | Noticed an emperor scorpion
 16476 | Spider:5 | Noticed an emperor scorpion
 16483 | Spider:5 | Your ally Bogric died
 16485 | Spider:5 | Noticed an emperor scorpion
 16485 | Spider:5 | Your ally Bogbarth died
 16490 | Spider:5 | Killed an emperor scorpion
 16491 | Spider:5 | Your ally Gorg died
 16493 | Spider:5 | Your ally Ortolf died
 16751 | Spider:5 | Killed an emperor scorpion
 16868 | Spider:5 | Killed an emperor scorpion
 16872 | Spider:5 | Killed an emperor scorpion
 16887 | Spider:5 | Got a gossamer rune of Zot
 16893 | Spider:5 | Killed a ghost moth
 17470 | Lair:1   | Learned a level 4 spell: Control Teleport
 17473 | Lair:1   | Learned a level 2 spell: Repel Missiles
 17591 | Vaults:1 | Entered Level 1 of the Vaults
 17620 | Vaults:1 | Gained Gorg as an ally
 17638 | Vaults:1 | Noticed Norris
 17643 | Vaults:1 | Reached skill level 1 in Charms
 17643 | Vaults:1 | Reached skill level 1 in Translocations
 17647 | Vaults:1 | Killed Norris
 17865 | Vaults:3 | Noticed a vault warden
 17875 | Vaults:3 | Killed a vault warden
 17875 | Vaults:3 | Reached skill level 1 in Shields
 17956 | Vaults:3 | Gained Morguth as an ally
 17956 | Vaults:3 | Gained Borgk as an ally
 17958 | Vaults:3 | Reached XP level 15. HP: 123/137 MP: 28/29
 17973 | Vaults:3 | Found a staircase to the Crypt.
 17979 | Crypt:1  | Entered Level 1 of the Crypt
 17987 | Crypt:1  | Noticed an ancient champion
 17994 | Crypt:1  | Killed an ancient champion
 18026 | Crypt:1  | You fall through a shaft!
 18144 | Crypt:3  | Your ally Morguth died
 18352 | Crypt:3  | Paralysed by a potion of paralysis for 3 turns
 18487 | Crypt:5  | Entered Level 5 of the Crypt
 18487 | Crypt:5  | Noticed an ancient champion
 18490 | Crypt:5  | Killed an ancient champion
 18507 | Crypt:5  | Noticed an ancient champion
 18514 | Crypt:5  | Your ally Gorg died
 18598 | Crypt:5  | Killed an ancient champion
 18768 | Crypt:5  | Your ally Borgoth died
 18772 | Crypt:5  | Your ally Borgk died
 18783 | Crypt:5  | Noticed a bone dragon
 18790 | Crypt:5  | Your ally Bolgrim died
 18791 | Crypt:5  | Killed a bone dragon
 18791 | Crypt:5  | Gained Orbeogh as an ally
 18872 | Crypt:5  | Reached skill level 5 in Shields
 18985 | Crypt:5  | Found a magical portal.
 19002 | WizLab   | Entered a wizard's laboratory
 19174 | Crypt:5  | Noticed an ancient champion
 19184 | Crypt:5  | Killed an ancient champion
 19194 | Crypt:5  | Noticed a curse toe
 19207 | Crypt:5  | Killed a curse toe
 19207 | Crypt:5  | Reached skill level 5 in Charms
 19217 | Crypt:5  | Noticed an ancient lich
 19217 | Crypt:5  | Noticed a lich
 19230 | Crypt:5  | Noticed a Brimstone Fiend
 19239 | Crypt:5  | Killed a Brimstone Fiend
 19354 | Crypt:5  | Killed an ancient lich
 19374 | Crypt:5  | Killed a lich
 19374 | Crypt:5  | Reached skill level 5 in Translocations
 19529 | Crypt:3  | Noticed an ancient champion
 19538 | Crypt:3  | Killed an ancient champion
 19593 | Crypt:3  | Reached skill level 5 in Spellcasting
 19651 | Crypt:1  | Noticed an ancient champion
 19682 | Crypt:2  | Your ally Bogwik died
 19843 | Crypt:3  | Noticed a revenant
 20005 | Vaults:3 | Reached XP level 16. HP: 100/144 MP: 28/30
 20308 | Vaults:3 | Noticed a fire giant
 20315 | Vaults:3 | Killed a fire giant
 20804 | Vaults:3 | Noticed Mennas
 20828 | Vaults:3 | Killed Mennas
 21060 | Vaults:3 | Paralysed by an ogre mage for 3 turns
 21079 | Vaults:3 | Reached skill level 15 in Fighting
 21241 | Vaults:3 | Noticed a tengu reaver
 21241 | Vaults:3 | Noticed a sphinx
 21600 | Vaults:2 | Noticed a storm dragon
 21607 | Vaults:2 | Killed a storm dragon
 21898 | Vaults:4 | Gained Gorm as an ally
 21984 | Vaults:5 | Entered Level 5 of the Vaults
 21986 | Vaults:5 | Noticed a tentacled monstrosity
 22004 | Vaults:4 | Gained Morbeogh as an ally
 22406 | Vaults:4 | Found a staircase to the Hall of Blades.
 22702 | Vaults:5 | Noticed a storm dragon
 23043 | D:15     | Found a staircase to the Depths.
 23096 | Depths:1 | Entered Level 1 of the Depths
 23217 | Depths:1 | Reached XP level 17. HP: 159/159 MP: 31/31
 23361 | Depths:1 | Found a one-way gate to the infinite horrors of the Abyss.
 23427 | Depths:1 | Your ally Gorm died
 23431 | Depths:1 | Gained Orkrul as an ally
 23515 | Depths:1 | Reached skill level 5 in Dodging
 23829 | Depths:2 | Found a one-way gate leading to the halls of Pandemonium.
 23831 | Depths:2 | Found a gateway to Hell.
 23917 | Depths:2 | Gained Wardok as an ally
 23980 | Depths:2 | Your ally Orkrul died
 24087 | Depths:3 | Got a smoking steel ring
 24088 | Depths:3 | Identified the ring "Robesenn" {+Rage rPois rF++ rC+ MR Dam-1} (You found it on level 3 of the Depths)
 24443 | Depths:3 | Noticed a golden dragon
 24452 | Depths:3 | Killed a golden dragon
 24841 | Depths:2 | Gained Ortolf as an ally
 24957 | Depths:2 | Cast into the Abyss (wizard)
 24971 | Abyss:1  | Learned a level 3 spell: Regeneration
 25018 | Abyss:1  | Paralysed by accursed screaming for 1 turns
 25110 | Abyss:1  | Found a shimmering altar of Xom.
 25472 | Depths:2 | Escaped the Abyss
 25828 | Depths:2 | Reached skill level 10 in Charms
 26160 | Depths:2 | Noticed a lich
 26166 | Depths:2 | Killed a lich
 26398 | Depths:2 | Reached XP level 18. HP: 120/168 MP: 32/32
 26514 | Depths:2 | Paralysed by a giant eyeball for 4 turns
 26562 | Depths:2 | Noticed a golden dragon
 26565 | Depths:2 | Noticed a tentacled monstrosity
 26567 | Depths:2 | Noticed a tentacled monstrosity
 26568 | Depths:2 | Killed a golden dragon
 26574 | Depths:2 | Killed a tentacled monstrosity
 26575 | Depths:2 | Your ally Morbeogh died
 26584 | Depths:2 | Killed a tentacled monstrosity
 26899 | Depths:4 | Found a snail-covered altar of Cheibriados.
 26916 | Depths:4 | Your ally Ugrim died
 26980 | Depths:3 | Your ally Ortolf died
 27531 | Lair:3   | Gained Morbeogh as an ally
 27643 | Lair:3   | Noticed an elephant
 27644 | Lair:3   | Noticed an elephant
 27645 | Lair:3   | Noticed an elephant
 27645 | Lair:3   | Noticed an elephant
 27666 | Lair:3   | Killed an elephant
 27669 | Lair:3   | Killed an elephant
 27673 | Lair:3   | Killed an elephant
 27689 | Lair:3   | Killed an elephant
 27689 | Lair:3   | Gained Murdo as an ally
 27704 | Lair:3   | Noticed an elephant
 27704 | Lair:3   | Noticed an elephant
 27705 | Lair:3   | Noticed an elephant
 27713 | Lair:3   | Killed an elephant
 27720 | Lair:3   | Killed an elephant
 27726 | Lair:3   | Killed an elephant
 27863 | Lair:4   | Killed a four-headed hydra
 28025 | Lair:5   | Noticed a death yak
 28026 | Lair:5   | Noticed a death yak
 28026 | Lair:5   | Noticed a death yak
 28027 | Lair:5   | Noticed a death yak
 28028 | Lair:5   | Noticed a death yak
 28029 | Lair:5   | Noticed a death yak
 28053 | Lair:5   | Killed a death yak
 28064 | Lair:5   | Killed a death yak
 28068 | Lair:5   | Killed a death yak
 28074 | Lair:5   | Killed a death yak
 28089 | Lair:5   | Killed a death yak
 28096 | Lair:5   | Killed a death yak
 28149 | Lair:5   | Noticed Rupert
 28158 | Lair:5   | Killed Rupert
 28244 | Lair:5   | Found a staircase to the Shoals.
 28269 | Shoals:1 | Entered Level 1 of the Shoals
 28428 | Shoals:3 | Noticed Frances
 28438 | Shoals:3 | Killed Frances
 28623 | Shoals:4 | Noticed Polyphemus
 28628 | Shoals:5 | Entered Level 5 of the Shoals
 28801 | Shoals:5 | Noticed Ilsuiw
 28811 | Shoals:5 | Killed Ilsuiw
 28825 | Shoals:5 | Your ally Murdo died
 29045 | Shoals:5 | Identified the Handbook of Creative Protection
 29155 | Shoals:5 | Got a barnacled rune of Zot
 29674 | Shoals:5 | Reached XP level 19. HP: 146/174 MP: 30/32
 29687 | Shoals:5 | Your ally Warbeogh died
 30085 | Lair:1   | Learned a level 1 spell: Apportation
 30143 | Elf:1    | Entered Level 1 of the Elven Halls
 30474 | Elf:2    | Found a flickering gateway to a bazaar.
 30494 | Bazaar   | Entered a bazaar
 30495 | Bazaar   | Found Niwu Tui's Food Emporium.
 30495 | Bazaar   | Found Laagg's Jewellery Emporium.
 30496 | Bazaar   | Found Phalasa's Book Boutique.
 30519 | Bazaar   | Found Crehatid's Distillery.
 30527 | Bazaar   | Bought a potion of might for 32 gold pieces
 30527 | Bazaar   | Bought a potion of might for 32 gold pieces
 30527 | Bazaar   | Bought a potion of agility for 32 gold pieces
 30527 | Bazaar   | Bought a potion of resistance for 91 gold pieces
 30527 | Bazaar   | Bought a potion of haste for 91 gold pieces
 30527 | Bazaar   | Bought a potion of curing for 26 gold pieces
 30551 | Bazaar   | Bought a book of Wizardry for 480 gold pieces
 30551 | Bazaar   | Bought a book of Party Tricks for 800 gold pieces
 30559 | Bazaar   | Learned a level 6 spell: Haste
 30562 | Bazaar   | Learned a level 2 spell: Blink
 30574 | Bazaar   | Bought a meat ration for 50 gold pieces
 30574 | Bazaar   | Bought a bread ration for 44 gold pieces
 30574 | Bazaar   | Bought a bread ration for 44 gold pieces
 30574 | Bazaar   | Bought a meat ration for 50 gold pieces
 30574 | Bazaar   | Bought a bread ration for 44 gold pieces
 30574 | Bazaar   | Bought a bread ration for 44 gold pieces
 30950 | Elf:3    | Entered Level 3 of the Elven Halls
 31629 | Elf:3    | Your ally Morbeogh died
 31893 | Elf:3    | Noticed a Brimstone Fiend
 32099 | Elf:3    | Found Woulid's Antique Weapon Emporium.
 32269 | Elf:3    | Got a sparkling platinum ring
 32293 | Elf:3    | Noticed a Brimstone Fiend
 32568 | Elf:3    | Got a crude silver ring
 33049 | Elf:3    | Identified the ring "Hyaryan" {Wiz rF- Acc+5} (You took it off a deep elf high priest on level 3 of the Elven Halls)
 33050 | Elf:3    | Identified the ring "Viecut" {+Inv +Fly rPois Dam+3} (You took it off a deep elf demonologist on level 3 of the Elven Halls)
 33055 | Elf:3    | Identified the Collected Works on Sinister Arts
 33091 | Elf:3    | Got a brightly glowing ivory amulet
 33115 | Elf:3    | Cast into the Abyss (deep elf demonologist)
 33132 | Elf:3    | Escaped the Abyss
 33132 | Elf:3    | Noticed a Brimstone Fiend
 34095 | Vaults:1 | Reached skill level 19 in Maces & Flails
 34187 | Vaults:1 | Gained Orbeogh as an ally
 34354 | Vaults:3 | Killed a sphinx
 34374 | Vaults:3 | Your ally Orbeogh died
 34377 | Vaults:3 | Killed a tengu reaver
 34718 | Vaults:5 | Noticed a titan
 34718 | Vaults:5 | Noticed a golden dragon
 34718 | Vaults:5 | Noticed an ancient lich
 34782 | Vaults:5 | Killed a tentacled monstrosity
 35000 | Vaults:5 | Killed a storm dragon
 35180 | Vaults:5 | Noticed a tentacled monstrosity
 35192 | Vaults:5 | Noticed a storm dragon
 35192 | Vaults:5 | Paralysed by a sphinx for 3 turns
 35197 | Vaults:5 | Killed a tentacled monstrosity
 35201 | Vaults:5 | Noticed a quicksilver dragon
 35215 | Vaults:5 | Reached XP level 20. HP: 124/188 MP: 23/34
 35216 | Vaults:5 | Reached skill level 20 in Maces & Flails
 35220 | Vaults:5 | Got a silver rune of Zot
 35699 | Depths:3 | Noticed a golden dragon
 35706 | Depths:3 | Killed a golden dragon
 35973 | Depths:4 | Paralysed by a giant eyeball for 2 turns
 36578 | Depths:5 | Entered Level 5 of the Depths
 36594 | Depths:5 | Reached skill level 21 in Maces & Flails
 36651 | Depths:4 | Paralysed by something for 3 turns
 36751 | Depths:5 | Learned a level 3 spell: Dazzling Spray
 36880 | Depths:5 | Reached skill level 1 in Conjurations
 37112 | Depths:5 | Found a gateway to a ziggurat.
 37115 | Depths:5 | Your ally Orbeogh died
 37148 | Depths:5 | Reached skill level 5 in Hexes
 37171 | Depths:5 | Gained mutation: You have a fast metabolism. [mutagenic glow]
 37264 | Zig:1    | Entered Level 1 of a ziggurat
 37394 | Zig:2    | Entered Level 2 of a ziggurat
 37517 | Zig:3    | Entered Level 3 of a ziggurat
 37632 | Depths:5 | Noticed a golden dragon
 37754 | Depths:5 | Reached skill level 5 in Conjurations
 38276 | Depths:5 | Killed a golden dragon
 38376 | Depths:5 | Reached XP level 21. HP: 177/200 MP: 34/34
 38466 | Depths:5 | Found a gate to the Realm of Zot.
 38505 | Zot:1    | Entered Level 1 of the Realm of Zot
 39358 | Zot:3    | Noticed a Killer Klown
 39376 | Zot:3    | Killed a Killer Klown
 39496 | Zot:3    | Your ally Wardok died
 39596 | Zot:1    | Identified a +1 cloak of preservation (You took it off a draconian caller on level 1 of the Realm of Zot)
 39694 | Depths:3 | Reached skill level 22 in Maces & Flails
 40209 | Lair:6   | Found a staircase to the Slime Pits.
 40209 | Lair:6   | Noticed an acid blob
 40209 | Lair:6   | Noticed an acid blob
 40243 | Lair:6   | Killed an acid blob
 40260 | Lair:6   | Killed an acid blob
 40268 | Slime:1  | Entered Level 1 of the Pits of Slime
 40429 | Slime:6  | Entered Level 6 of the Pits of Slime
 40513 | Slime:6  | Noticed the royal jelly
 40528 | Slime:6  | Gained Grimold as an ally
 40528 | Slime:6  | Gained Margrim as an ally
 40543 | Slime:6  | Killed the royal jelly
 40597 | Slime:6  | Your ally Margrim died
 40614 | Slime:6  | Got a slimy rune of Zot
 40654 | Slime:6  | Identified the amulet of Lugonu's Envy {rMut -Cast +Rage rElec} (You took it off a deep elf high priest on level 3 of the Elven Halls)
 40695 | Slime:6  | Got a sparkling tin ring
 40705 | Slime:6  | Identified the ring of the Gastropod {Wiz Str+1} (You found it on level 6 of the Pits of Slime)
 40747 | Slime:6  | Identified Sif Muna's Incunabulum of Weightlessness (You found it on level 6 of the Pits of Slime)
 40754 | Slime:6  | Learned a level 5 spell: Silence
 40760 | Slime:6  | Got a smoking marble ring
 41164 | Orc:4    | Bought a glowing eveningstar for 450 gold pieces
 41177 | Orc:4    | Bought a scroll of identify for 28 gold pieces
 41177 | Orc:4    | Bought a scroll of identify for 28 gold pieces
 41178 | Orc:4    | Identified the ring "Huuh" {+cTele Stlth--} (You found it on level 6 of the Pits of Slime)
 41218 | Orc:4    | Bought a scroll of identify for 52 gold pieces
 41656 | Lair:2   | Identified a +2 rod of destruction (11/11) (You found it on level 6 of the Pits of Slime)
 42125 | D:4      | Fell from the grace of Beogh
 42125 | D:4      | Became a worshipper of the Shining One
 42187 | D:4      | Found Chasm's Assorted Antiques.
 42212 | D:4      | Bought a scroll labeled KADUTUCAUGUD for 22 gold pieces
 42212 | D:4      | Bought a scroll of enchant armour for 165 gold pieces
 42212 | D:4      | Bought a scroll of enchant armour for 165 gold pieces
 42912 | Depths:1 | Voluntarily entered the Abyss.
 43158 | Depths:1 | Escaped the Abyss
 43266 | Depths:1 | Voluntarily entered the Abyss.
 43626 | Abyss:3  | Gained mutation: You are frail (-10% HP). [a neqoxec]
 43864 | Abyss:3  | Acquired the Shining One's first power
 43912 | Abyss:3  | Gained mutation: Your magical capacity is low (-10% MP). [a neqoxec]
 43979 | Abyss:3  | Found a corrupted altar of Lugonu.
 43981 | Abyss:3  | Found a deep blue altar of Sif Muna.
 44186 | Abyss:3  | Reached XP level 22. HP: 166/192 MP: 31/31
 44355 | Abyss:3  | Acquired the Shining One's second power
 44661 | Abyss:3  | Reached skill level 10 in Shields
 44832 | Abyss:3  | HP: 5/188 [large abomination (25)]
 45243 | Abyss:3  | Found a basalt altar of Yredelemnul.
 45371 | Abyss:3  | Acquired the Shining One's third power
 45401 | Abyss:3  | Gained mutation: You have sharp fingernails. [a neqoxec]
 46148 | Abyss:3  | Acquired the Shining One's fourth power
 46161 | Abyss:3  | Got an abyssal rune of Zot
 46389 | Abyss:3  | Paralysed by accursed screaming for 1 turns
 46435 | Abyss:3  | Gained mutation: You are clumsy. (Dex -2) [a neqoxec]
 46453 | Depths:1 | Escaped the Abyss
 46522 | Depths:1 | Voluntarily entered the Abyss.
 46631 | Depths:1 | Escaped the Abyss
 47126 | Crypt:1  | Killed an ancient champion
 47161 | Crypt:1  | Reached skill level 15 in Shields
 48421 | Vaults:1 | Noticed a vault warden
 48506 | Vaults:1 | Found an iron altar of Okawaru.
 48853 | D:4      | Identified a +7,+7 eveningstar of holy wrath (a +7,+7 eveningstar of flaming blessed by the Shining One)
 49238 | Lair:1   | Learned a level 2 spell: Shroud of Golubria
 49646 | Pan      | Entered Pandemonium
 49647 | Pan      | Found an exit through the horrors of the Abyss.
 49689 | Pan      | Found an exit through the horrors of the Abyss.
 49696 | Pan      | Reached XP level 23. HP: 195/195 MP: 32/32
 49728 | Pan      | Found an exit through the horrors of the Abyss.
 49990 | Pan      | Noticed Ivamivis the pandemonium lord
 50023 | Pan      | Gained mutation: You are very clumsy. (Dex -4) [a neqoxec]
 50102 | Pan      | Reached skill level 10 in Invocations
 50473 | Pan      | Noticed Paecam the pandemonium lord
 50482 | Pan      | Killed Paecam the pandemonium lord
 50541 | Pan      | Got a demonic rune of Zot
 50925 | Pan      | Found an exit through the horrors of the Abyss.
 51257 | Pan      | Noticed Asutt the pandemonium lord
 51266 | Pan      | Killed Asutt the pandemonium lord
 51292 | Pan      | Got a glittering granite ring
 51293 | Pan      | Identified the ring of Clutifei {Wiz rPois MR++} (You found it in Pandemonium)
 51342 | Pan      | Gained mutation: You can spit poison. [potion of mutation]
 51342 | Pan      | Gained mutation: You possess an exceptional clarity of mind. [potion of mutation]
 51372 | Pan      | Found an exit through the horrors of the Abyss.
 51441 | Pan      | Noticed Jiqoluh the pandemonium lord
 51686 | Pan      | Found an exit through the horrors of the Abyss.
 51729 | Pan      | Found an exit through the horrors of the Abyss.
 51835 | Pan      | Paralysed by an orc sorcerer for 7 turns
 52341 | Pan      | Noticed Pruamn the pandemonium lord
 52350 | Pan      | Killed Pruamn the pandemonium lord
 52375 | Pan      | Found an exit through the horrors of the Abyss.
 52550 | Pan      | Found an exit through the horrors of the Abyss.
 52641 | Pan      | Reached skill level 15 in Invocations
 53146 | Pan      | Reached XP level 24. HP: 192/203 MP: 22/34
 53250 | Pan      | Noticed Wuamicox the pandemonium lord
 53260 | Pan      | Killed Wuamicox the pandemonium lord
 53332 | Pan      | Found an exit through the horrors of the Abyss.
 53463 | Pan      | Noticed Buhewih the pandemonium lord
 53568 | Pan      | Noticed Qafropp the pandemonium lord
 53573 | Pan      | Found an exit through the horrors of the Abyss.
 53578 | Pan      | Took an exit into the Abyss.
 53578 | Abyss:1  | Escaped into the Abyss
 53827 | Depths:2 | Escaped the Abyss
 53956 | Pan      | Entered Pandemonium
 54129 | Pan      | Noticed Faimynich the pandemonium lord
 54140 | Pan      | Got a brightly glowing cloak
 54141 | Pan      | Identified the +4 cloak of Cowardice {rC++} (You found it in Pandemonium)
 54279 | Pan      | Found an exit through the horrors of the Abyss.
 54512 | Pan      | Gained mutation: Your magical capacity is very low (-20% MP). [a neqoxec]
 54609 | Pan      | Found an exit through the horrors of the Abyss.
 54818 | Pan      | Found an exit through the horrors of the Abyss.
 54855 | Pan      | Was forgiven by Beogh
 55047 | Pan      | Found an exit through the horrors of the Abyss.
 55533 | Pan      | Reached skill level 1 in Air Magic
 55923 | Pan      | Noticed Theugam the pandemonium lord
 55937 | Pan      | Killed Theugam the pandemonium lord
 56173 | Pan      | Noticed Myanour the pandemonium lord
 56183 | Pan      | Killed Myanour the pandemonium lord
 56183 | Pan      | Reached skill level 10 in Hexes
 56202 | Pan      | Gained mutation: Your vision is a little blurry. [a neqoxec]
 56355 | Pan      | Noticed Udesuwk the pandemonium lord
 56356 | Pan      | Found an exit through the horrors of the Abyss.
 56527 | Pan      | Gained mutation: Armour fits poorly on your strangely shaped body. [a neqoxec]
 56684 | Pan      | Reached XP level 25. HP: 209/209 MP: 32/32
 56717 | Pan      | Gained mutation: Your vision is quite blurry. [a neqoxec]
 56788 | Pan      | Reached skill level 5 in Air Magic
 56839 | Pan      | Entered the realm of Gloorx Vloq.
 56932 | Pan      | Noticed Gloorx Vloq
 56940 | Pan      | Killed Gloorx Vloq
 56951 | Pan      | Got a dark rune of Zot
 57096 | Pan      | Found a gateway to a ziggurat.
 57284 | Pan      | Lost mutation: Armour fits poorly on your strangely shaped body. [a cacodemon]
 57289 | Pan      | Found an exit through the horrors of the Abyss.
 57298 | Pan      | Noticed Strisatz the pandemonium lord
 57299 | Pan      | Found a gateway to a ziggurat.
 57299 | Pan      | Noticed an ancient lich
 57299 | Pan      | Noticed an ancient lich
 57306 | Pan      | Killed an ancient lich
 57319 | Pan      | Killed an ancient lich
 57323 | Zig:1    | Entered Level 1 of a ziggurat
 57634 | Pan      | Gained mutation: You are weak. (Str -2) [a cacodemon]
 57665 | Pan      | Entered the realm of Cerebov.
 57756 | Pan      | Found an exit through the horrors of the Abyss.
 57761 | Pan      | Noticed Cerebov
 57766 | Pan      | Got a fiery rune of Zot
 58162 | Pan      | Noticed Beonerie the pandemonium lord
 58233 | Pan      | Entered the realm of Mnoleg.
 58270 | Pan      | Noticed Mnoleg
 58323 | Pan      | Killed Mnoleg
 58347 | Pan      | Gained mutation: Your body is slowly deteriorating. [a cacodemon]
 58351 | Pan      | Gained mutation: You are very frail (-20% HP). [a cacodemon]
 58353 | Pan      | Gained mutation: Your vision is extremely blurry. [a cacodemon]
 58370 | Pan      | Got a glowing rune of Zot
 58586 | Pan      | Entered the realm of Lom Lobon.
 58658 | Pan      | Noticed Lom Lobon
 58673 | Pan      | Got a magical rune of Zot
 58865 | Pan      | Found a gateway to a ziggurat.
 59000 | Pan      | Found an exit through the horrors of the Abyss.
 59006 | Pan      | Took an exit into the Abyss.
 59006 | Abyss:1  | Escaped into the Abyss
 59018 | Abyss:1  | Found a corrupted altar of Lugonu.
 59067 | Depths:2 | Escaped the Abyss
 59408 | Temple   | Entered the Ecumenical Temple
 59456 | D:6      | Found a sparkling altar of Nemelex Xobeh.
 59757 | Orc:3    | Bought 2 potions of cure mutation for 1540 gold pieces
 59758 | Orc:3    | Lost mutation: You are very frail (-20% HP). [potion of cure mutation]
 59758 | Orc:3    | Lost mutation: You are very clumsy. (Dex -4) [potion of cure mutation]
 59758 | Orc:3    | Lost mutation: You are weak. (Str -2) [potion of cure mutation]
 59758 | Orc:3    | Lost mutation: You can spit poison. [potion of cure mutation]
 59759 | Orc:3    | Lost mutation: Your body is slowly deteriorating. [potion of cure mutation]
 59759 | Orc:3    | Lost mutation: You possess an exceptional clarity of mind. [potion of cure mutation]
 59759 | Orc:3    | Lost mutation: Your vision is extremely blurry. [potion of cure mutation]
 59759 | Orc:3    | Lost mutation: You have a fast metabolism. [potion of cure mutation]
 59907 | Lair:4   | Lost mutation: Your vision is quite blurry. [potion of cure mutation]
 59907 | Lair:4   | Lost mutation: You are frail (-10% HP). [potion of cure mutation]
 59907 | Lair:4   | Lost mutation: Your vision is a little blurry. [potion of cure mutation]
 59907 | Lair:4   | Lost mutation: Your magical capacity is very low (-20% MP). [potion of cure mutation]
 60306 | Depths:2 | Found a glowing silver altar of Zin.
 60306 | Depths:2 | Found a blossoming altar of Fedhas.
 60306 | Depths:2 | Found a bloodstained altar of Trog.
 60323 | Hell     | Entered the Vestibule of Hell
 60323 | Hell     | Noticed Geryon
 60334 | Hell     | Killed Geryon
 60463 | Hell     | Found a gateway to the Iron City of Dis.
 60477 | Dis:1    | Entered Level 1 of the Iron City of Dis
 60610 | Dis:1    | Reached XP level 26. HP: 242/242 MP: 36/36
 61172 | Dis:7    | Entered Level 7 of the Iron City of Dis
 61181 | Dis:7    | Reached skill level 10 in Translocations
 61699 | Dis:7    | Noticed Dispater
 61959 | Dis:7    | Killed Dispater
 62082 | Dis:7    | Got an iron rune of Zot
 62202 | Hell     | Found a gateway to the ashen valley of Gehenna.
 62315 | Geh:1    | Entered Level 1 of Gehenna
 63126 | Geh:7    | Entered Level 7 of Gehenna
 63451 | Geh:7    | Reached XP level 27. HP: 243/243 MP: 25/37
 63495 | Geh:7    | Reached skill level 15 in Translocations
 64032 | Geh:7    | Noticed Asmodeus
 64249 | Geh:2    | You fall through a shaft!
 64545 | Vaults:1 | Killed a vault warden
 64571 | Vaults:1 | Paralysed by an ogre mage for 4 turns
 64744 | Crypt:2  | Noticed an ancient champion
 64755 | Crypt:2  | Killed an ancient champion
 64785 | Crypt:3  | Killed a revenant
 65235 | Crypt:2  | Found a staircase to the Tomb.
 65250 | Tomb:1   | Entered Level 1 of the Tomb of the Ancients
 65602 | Tomb:1   | Reached skill level 23 in Fighting
 66333 | Tomb:3   | Entered Level 3 of the Tomb of the Ancients
 67516 | Tomb:3   | Reached skill level 24 in Fighting
 67544 | Tomb:3   | Got a golden rune of Zot
 68249 | Crypt:2  | Paralysed by a vampire knight for 6 turns
 68708 | Orc:3    | Bought a scroll of acquirement for 1144 gold pieces
 68764 | Orc:2    | Bought a bread ration for 48 gold pieces
 68764 | Orc:2    | Bought a bread ration for 48 gold pieces
 68786 | Orc:2    | Found Rocsusm's Gadget Shop.
 68795 | Orc:2    | Bought an ornate deck of dungeons for 200 gold pieces
 68909 | Orc:2    | Found Ghaaqe's Antique Armour Emporium.
 68916 | Orc:2    | Bought a pair of glowing boots for 108 gold pieces
 68916 | Orc:2    | Bought a glowing helmet for 108 gold pieces
 68920 | Orc:2    | Identified a +2 pair of boots of running (You bought it in a shop on level 2 of the Orcish Mines)
 69034 | Orc:3    | Noticed Erolcha
 69051 | Orc:3    | Killed Erolcha
 70185 | Tomb:3   | Identified the Incunabulum of Good Luck and Changing
 70237 | Tomb:3   | Got an encrusted shield
 70238 | Tomb:3   | Identified the cursed -8 shield "Zito" {+Fly rF+ Curse} (You found it on level 3 of the Tomb of the Ancients)
 70345 | Tomb:1   | Reached skill level 25 in Fighting
 70590 | Vaults:5 | Noticed a storm dragon
 70730 | Vaults:4 | Killed a storm dragon
 70848 | Vaults:5 | Noticed a bone dragon
 70870 | Vaults:5 | Noticed a quicksilver dragon
 70883 | Vaults:4 | Killed a bone dragon
 70932 | Vaults:5 | Noticed a storm dragon
 71054 | Vaults:5 | Noticed a tentacled monstrosity
 71144 | Vaults:5 | Noticed a quicksilver dragon
 71145 | Vaults:5 | Noticed a quicksilver dragon
 71163 | Vaults:5 | Killed a storm dragon
 71247 | Vaults:5 | Noticed a golden dragon
 71294 | Vaults:5 | Killed a golden dragon
 71582 | Vaults:5 | Noticed a titan
 71606 | Vaults:5 | Killed a titan
 71790 | Vaults:5 | Reached skill level 26 in Fighting
 71862 | Vaults:5 | Killed a quicksilver dragon
 71876 | Vaults:5 | Killed a quicksilver dragon
 71895 | Vaults:5 | Noticed a golden dragon
 71914 | Vaults:5 | Killed a golden dragon
 72126 | Vaults:5 | Noticed a storm dragon
 72148 | Vaults:5 | Killed a storm dragon
 72243 | Vaults:5 | Noticed a storm dragon
 72257 | Vaults:5 | Killed a quicksilver dragon
 72264 | Vaults:5 | Killed a storm dragon
 72396 | Vaults:5 | Noticed a titan
 72409 | Vaults:5 | Killed a titan
 72436 | Vaults:5 | Noticed a storm dragon
 72446 | Vaults:5 | Killed a storm dragon
 72620 | Vaults:5 | Noticed a bone dragon
 72641 | Vaults:5 | Killed a storm dragon
 72649 | Vaults:5 | Identified the Papyrus of Clay
 72738 | Vaults:5 | Noticed a lich
 72746 | Vaults:4 | Killed a lich
 72977 | Vaults:1 | Noticed a vault warden
 72988 | Vaults:1 | Noticed a vault warden
 72992 | Vaults:1 | Killed a vault warden
 73184 | Depths:1 | Found Waal's Armour Emporium.
 73339 | Depths:1 | Noticed Aizul
 73381 | Depths:1 | Killed Aizul
 74509 | Geh:7    | Got an obsidian rune of Zot
 74618 | Hell     | Found a gateway to the freezing wastes of Cocytus.
 74658 | Coc:1    | Entered Level 1 of Cocytus
 74970 | Lair:1   | Learned a level 3 spell: Flight
 75938 | Coc:7    | Entered Level 7 of Cocytus
 76381 | Coc:7    | Noticed Antaeus
 76398 | Coc:7    | Got an icy rune of Zot
 76443 | Hell     | Found a gateway to the decaying netherworld of Tartarus.
 76457 | Tar:1    | Entered Level 1 of Tartarus
 77629 | Tar:7    | Entered Level 7 of Tartarus
 77824 | Tar:7    | Noticed the Serpent of Hell
 77835 | Tar:7    | Killed the Serpent of Hell
 77897 | Tar:7    | Noticed Ereshkigal
 78160 | Tar:7    | Killed Ereshkigal
 78176 | Tar:7    | Got a bone rune of Zot
 78181 | Tar:7    | Got a pair of ichor-stained gloves
 78182 | Tar:7    | Identified the cursed -1 pair of gloves "Asodwaj" {rPois rF++ Stlth++} (You found it on level 7 of Tartarus)
 78747 | Zot:4    | Noticed an orb of fire
 78750 | Zot:4    | Gained mutation: You are dopey. (Int -2) [an orb of fire]
 78833 | Zot:4    | Killed an orb of fire
 79206 | Zot:5    | Entered Level 5 of the Realm of Zot
 80002 | Zot:5    | Noticed an ancient lich
 80034 | Zot:5    | Killed an ancient lich
 80063 | Zot:5    | Noticed an orb of fire
 80063 | Zot:5    | Noticed an ancient lich
 80076 | Zot:5    | Gained mutation: Your body is slowly deteriorating. [an orb of fire]
 80106 | Zot:5    | Killed an orb of fire
 80128 | Zot:5    | Killed an ancient lich
 80403 | Zot:5    | Noticed an orb of fire
 80405 | Zot:5    | Gained mutation: Your body is deteriorating. [an orb of fire]
 80419 | Zot:5    | Killed an orb of fire
 80425 | Zot:5    | Reached skill level 27 in Shields
 80732 | Zot:5    | Got the Orb of Zot
 81055 | D:13     | Noticed Qoxesih the pandemonium lord
 81065 | D:13     | Killed Qoxesih the pandemonium lord
 81082 | D:13     | Noticed Hidueseqa the pandemonium lord
 81100 | D:13     | Killed Hidueseqa the pandemonium lord
 81184 | D:7      | Found a shadowy altar of Dithmenos.
 81351 | D:$      | Escaped with the Orb!

Action                   |  1- 3 |  4- 6 |  7- 9 | 10-12 | 13-15 | 16-18 | 19-21 | 22-24 | 25-27 || total
-------------------------+-------+-------+-------+-------+-------+-------+-------+-------+-------++-------
Melee: Flail             |       |       |    82 |       |       |       |       |       |       ||    82
       Eveningstar       |       |       |    62 |   400 |   850 |  1218 |  1963 |  1966 |  4195 || 10654
       Whip              |       |       |     6 |       |       |       |       |       |       ||     6
 Fire: Crossbow          |    16 |    54 |   242 |       |       |       |       |       |       ||   312
 Cast: Corona            |       |     5 |     2 |       |       |       |       |       |       ||     7
       Repel Missiles    |       |       |       |       |     1 |     8 |     7 |     2 |     9 ||    27
       Regeneration      |       |       |       |       |       |    49 |    98 |       |       ||   147
       Control Teleport  |       |       |       |       |       |     1 |    23 |     5 |    26 ||    55
       Haste             |       |       |       |       |       |       |    42 |   109 |   142 ||   293
       Blink             |       |       |       |       |       |       |     5 |     4 |     6 ||    15
       Dazzling Spray    |       |       |       |       |       |       |    13 |       |     1 ||    14
       Apportation       |       |       |       |       |       |       |       |     6 |    88 ||    94
       Silence           |       |       |       |       |       |       |       |       |     1 ||     1
       Flight            |       |       |       |       |       |       |       |       |    11 ||    11
Invok: Convert to Beogh  |       |       |     1 |       |       |       |       |       |       ||     1
       Recall Orcish Fol |       |       |       |    29 |    70 |    64 |    44 |       |       ||   207
       Stop Recall       |       |       |       |     1 |       |       |       |       |       ||     1
       Summon Divine War |       |       |       |       |       |       |       |    18 |    67 ||    85
       Divine Shield     |       |       |       |       |       |       |       |     1 |       ||     1
       Cleansing Flame   |       |       |       |       |       |       |       |       |     7 ||     7
 Abil: Evoke Teleportati |       |       |       |       |       |     5 |    17 |     7 |    49 ||    78
       Evoke Teleport Co |       |       |       |       |       |       |       |     5 |       ||     5
Evoke: Wand              |       |     1 |    10 |     9 |     8 |     6 |    11 |    17 |    31 ||    93
       Phial of floods   |       |       |       |       |     1 |     2 |       |       |     3 ||     6
       Rod               |       |       |       |       |       |       |     1 |       |       ||     1
       Lamp of fire      |       |       |       |       |       |       |       |     1 |     4 ||     5
       Deck              |       |       |       |       |       |       |       |       |    21 ||    21
  Use: Scroll            |       |       |    16 |     6 |    20 |    26 |    29 |    25 |    30 ||   152
       Potion            |       |       |       |     5 |     3 |     4 |     7 |     7 |    18 ||    44
 Stab: Distracted        |       |       |       |     5 |    21 |    26 |    21 |    21 |    61 ||   155
       Invisible         |       |       |       |     2 |       |       |     3 |       |       ||     5
       Confused          |       |       |       |       |     1 |       |     1 |       |       ||     2
       Paralysed         |       |       |       |       |       |     1 |       |     1 |       ||     2
       Held in net/web   |       |       |       |       |       |     1 |       |       |       ||     1
